 Dungeon Crawl Stone Soup version 0.31-a0-344-gd109795599 (webtiles) character file.

Game seed: 23996895835538551

3 kae the Ruffian (level 1, 0/18 HPs)
             Began as a Naga Shapeshifter on July 21, 2023.
             Slain by a bat (1 damage)
             ... on level 1 of the Dungeon.
             The game lasted 00:00:19 (46 turns).

kae the Ruffian (Naga Shapeshifter)                   Turns: 46, Time: 00:00:20

Health: 0/18       AC:  1    Str: 17    XL:     1   Next: 50%
Magic:  1/1        EV:  9    Int:  8    God:
Gold:   17         SH:  0    Dex: 11    Spells: 0/0 levels left

rFire   . .          .
                       - Unarmed
rCold   . . .        (no shield)
rNeg    . . .        a - +0 animal skin
rPois   +            (helmet currently unavailable)
rElec   .            (cloak currently unavailable)
rCorr   .            (gloves currently unavailable)
SInv    +            (no barding)
Will    .....        (no amulet)
Stlth   +            (no ring)
HPRegen 0.23/turn    (no ring)
MPRegen 0.07/turn

%: no passive effects
@: beast-form, very slow
A: beast (slay +2), AC +0, large, see invisible, deformed body, poison
resistance, slowness 2, spit poison 1, naga tail 1
a: Spit Poison, Begin Untransformation


You were on level 1 of the Dungeon.
You were a hulking beast.
You visited 1 branch of the dungeon, and saw 1 of its levels.

You collected 17 gold pieces.


Innate Abilities, Weirdness & Mutations

You are a hulking beast.
Your limbs bulge with bestial killing power. (Slay +2)
Your serpentine skin is tough. (AC +0)
You have supernaturally acute eyesight. (SInv)
Armour fits poorly on your strangely shaped body.
Your system is resistant to poisons. (rPois)
You cover ground very slowly.
You can spit poison.
You have a snake-like lower body.


   Skills:
 + Level 1.1 Fighting
 + Level 1.6 Dodging
 + Level 0.2 Stealth
 + Level 3.0 Unarmed Combat
 * Level 3.0 Shapeshifting


You couldn't memorise any spells.
You didn't know any spells.
Your spell library was empty.

Inventory:

Armour
 a - a +0 animal skin (worn)
Talismans
 c - a beast talisman
Potions
 b - a potion of lignification {!q}

Dungeon Overview and Level Annotations

Branches:
Dungeon (1/15) Zot: 5945

Altars:

######...#..
##..........
##.....#...#
#.......#.#
#..(.....#
##.......#
##....g.#
#...##b##
#.#.###h#
#.##†# #.###
...
#.###....
###
#........
#..####..
#....# .#.
#....# .#.#
####...## #
# ###......#


You could see a goblin and a bat.


Message History

Options error: Missing colour in message_colour setting: 'and you must be Full or above to equip it' Options error: Missing colour in message_colour setting: 'but rights himself reflexively soon after' Options error: Missing colour in message_colour setting: 'before it is too late' ✅ Successfully initialized magus.rc [v1.11.3] Welcome, kae the Naga Shapeshifter.
Below lies the Orb of Zot, rumoured to be powerful enough to resurrect a god...
Press ? for a list of commands and other information.
Found a staircase leading out of the dungeon.
Unknown command.
A ball python comes into view.
A ball python is nearby!
A ball python is nearby!
A ball python is nearby!
The ball python hisses angrily.
You see here 17 gold pieces.
You hit the ball python. The ball python barely misses you.
You closely miss the ball python. The ball python bites you. 😕 HP[-2]
You take 2 damage, and now have 16/18 hp.
A ball python is nearby!
You punch the ball python!
You kill the ball python!
No target in view!
No target in view!
No target in view!
You now have 17 gold pieces.
You see here a ball python corpse.
A bat comes into view. 😎 HP[+2]
Your hp is fully restored (18).
A goblin comes into view. It is wielding a +0 dagger.
There are monsters nearby!
There are monsters nearby!
Aiming: Spit Poison (3% risk of failure)
Press: ? - help, Shift-Dir - straight line, f - bat
Aim: a bat (35% to hit)
The splash of poison hits the bat but does no damage.
The bat hits you but does no damage.
You closely miss the bat. The bat hits you.
A kobold and a bat come into view.
The kobold shouts!
You hear a shout!
The bat hits you but does no damage. x2; The bat moves out of view.
You hit the bat but do no damage. The bat hits you.
A kobold comes into view. It is wielding a +0 whip.
The kobold shouts!
You hit the goblin. The bat hits you. The goblin closely misses you. 😕 HP[-2]
You take 2 damage, and now have 16/18 hp.
You closely miss the goblin.
You have got your breath back.
The bat hits you but does no damage. The bat barely misses you.
The bat hits you. The goblin hits you with a +0 dagger.
You are too injured to fight recklessly! 😮 HP[-4]
You take 4 damage, and now have 12/18 hp.
MASSIVE DAMAGE!! (PAUSE)
The goblin attacks as you move away! The goblin hits you but does no damage.
The bat hits you.
The bat hits you but does no damage. 😮 HP[-1]
You take 1 damage, and now have 11/18 hp.
The bat attacks as you move away! The bat hits you. x2
The bat closely misses you. The bat hits you but does no damage.
The goblin hits you with a +0 dagger.
* * * LOW HITPOINT WARNING * * *
😨 HP[-2]
You take 2 damage, and now have 9/18 hp.
You hit the bat.
You kill the bat!
The bat closely misses you. The goblin hits you with a +0 dagger.
* * * LOW HITPOINT WARNING * * *
😨 HP[-1]
You take 1 damage, and now have 8/18 hp.
The bat hits you but does no damage. The bat attacks as you move away!
The bat hits you.
* * * LOW HITPOINT WARNING * * *
The bat barely misses you. The bat hits you but does no damage.
The kobold hits you with a +0 dagger.
* * * LOW HITPOINT WARNING * * *
😨 HP[-1]
You take 1 damage, and now have 7/18 hp.
You hit the kobold. You hit the kobold.
You kill the kobold!
The bat hits you but does no damage.
You closely miss the bat. The bat hits you.
* * * LOW HITPOINT WARNING * * *
😨 HP[-1]
You take 1 damage, and now have 6/18 hp.
You miss the kobold. The kobold hits you with a +0 whip.
* * * LOW HITPOINT WARNING * * *
😱 HP[-5]
You take 5 damage, and now have 1/18 hp.
MASSIVE DAMAGE!! (PAUSE)
You closely miss the kobold. The kobold closely misses you.
Okay, then.
You punch the kobold!
You kill the kobold!
The bat hits you but does no damage. x2
You completely miss the bat. The bat hits you.
You die...

Action                     || total
---------------------------++-------
  Melee: Unarmed           ||    15
Ability: Spit Poison       ||     1
 Armour: Animal skin       ||    12
  Dodge: Dodged            ||     7

Levels and vault maps discovered:
D:1:      amcnicky_arrival_single_pillar, layout_loops_ring

Notes
Turn   | Place    | Note
-------+----------+-------------------------------------------
     0 | D:1      | kae the Naga Shapeshifter began the quest for the Orb.
     0 | D:1      | Reached XP level 1. HP: 18/18 MP: 1/1
     0 | D:1      | magus.rc [v1.11.3]
    43 | D:1      | HP: 1/18 [kobold/+0 whip (6)]
    46 | D:1      | Slain by a bat

Vanquished Creatures
  A ball python (D:1)
  A bat (D:1)
  2 kobolds (D:1)
4 creatures vanquished.

Table legend:
 A = Non-vault XP
 B = Vault XP
 C = Vault XP percentage of total XP
 D = Non-vault monster count
 E = Vault monster count
 F = Vault count percentage of total count
                 A         B        C        D         E       F
            +---------+---------+-------+---------+---------+-------
      Total |       5 |       0 |   0.0 |       4 |       0 |   0.0
            +---------+---------+-------+---------+---------+-------
        D:1 |       5 |       0 |   0.0 |       4 |       0 |   0.0
            +---------+---------+-------+---------+---------+-------

Action                     || total
---------------------------++-------
  Melee: Unarmed           ||    15
Ability: Spit Poison       ||     1
 Armour: Animal skin       ||    12
  Dodge: Dodged            ||     7

Illustrated notes

Table legend:
 A = Kills in this place as a percentage of kills in the entire game.
 B = Kills by you in this place as a percentage of kills by you in the entire game.
 C = Kills by friends in this place as a percentage of kills by friends in the entire game.
 D = Other kills in this place as a percentage of other kills in the entire game.
 E = Experience gained in this place as a percentage of experience gained in the entire game.
 F = Experience gained in this place divided by the number of levels of this place that you have seen.
                   A       B       C       D       E      F
               +-------+-------+-------+-------+-------+----------------------
         Total | 100.0 | 100.0 |   N/A |   N/A | 100.0 |   5.0
       Dungeon | 100.0 | 100.0 |   N/A |   N/A | 100.0 |   5.0
               +-------+-------+-------+-------+-------+----------------------

Table legend: (Time is in decaauts)
 A = Elapsed time spent in this place.
 B = Non-inter-level travel time spent in this place.
 C = Inter-level travel time spent in this place.
 D = Time resting spent in this place.
 E = Time spent auto-exploring this place.
 F = Levels seen in this place.
 G = Mean time per level.
                   A        B        C        D        E       F      G
               +--------+--------+--------+--------+--------+-----+--------+
         Total |     54 |     54 |      0 |      0 |     24 |   1 |   54.0 |
       Dungeon |     54 |     54 |      0 |      0 |     24 |   1 |   54.0 |
               +--------+--------+--------+--------+--------+-----+--------+

Top non-repeatable levels by time:
     D:1: 54 daAuts
